[Event "Djerba Festival Blitz 2025"]
[Site "Djerba"]
[Date "2025.02.21"]
[Round "3.32"]
[White "Marceil, Jean"]
[Black "Mathanchandaran, Dev"]
[Result "1-0"]
[ECO "D00"]
[WhiteElo "1901"]
[BlackElo "1650"]
[PlyCount "45"]
[EventDate "2025.02.15"]
[EventType "swiss"]
[EventCountry "TUN"]
[TimeControl "180+3"]

1. d4 d5 2. e4 dxe4 3. Nc3 Nf6 4. f3 e3 5. Bxe3 Bf5 6. Bc4 e6 7. Nge2 a6 8. h4 h5 9. Qd2 Bd6 10. O-O-O Nc6 11. Bg5 Qd7 12. d5 exd5 13. Nxd5 Nxd5 14. Bxd5 f6 15. Bxc6 Qxc6 16. Qe3+ Kf7 17. Nd4 Qc5 18. Nxf5 Qxf5 19. Qb3+ Kf8 20. Be3 Bf4 21. Bxf4 Qxf4+ 22. Kb1 b6 23. Rd7 1-0

[Event "Djerba Festival Blitz 2025"]
[Site "Djerba"]
[Date "2025.02.21"]
[Round "3.33"]
[White "Baduel Ghalimi, Maxence"]
[Black "Alonso Garuti, Luis Eugenio"]
[Result "1-0"]
[ECO "E14"]
[WhiteElo "1506"]
[BlackElo "1845"]
[PlyCount "31"]
[EventDate "2025.02.15"]
[EventType "swiss"]
[EventCountry "TUN"]
[TimeControl "180+3"]

1. d4 Nf6 2. c4 e6 3. Nc3 d5 4. Nf3 b6 5. e3 Bb7 6. Be2 Bb4 7. cxd5 Nxd5 8. Bd2 O-O 9. Nxd5 Bxd2+ 10. Nxd2 Qxd5 11. Bf3 Qa5 12. Bxb7 Na6 13. Bxa8 Rxa8 14. O-O Nb4 15. Nb3 Qf5 16. Qf3 1-0

[Event "Djerba Festival Blitz 2025"]
[Site "Djerba"]
[Date "2025.02.21"]
[Round "3.35"]
[White "Tahir, Abderrahmane"]
[Black "Khider, Amilia"]
[Result "1-0"]
[ECO "C00"]
[WhiteElo "1891"]
[BlackElo "1524"]
[PlyCount "60"]
[EventDate "2025.02.15"]
[EventType "swiss"]
[EventCountry "TUN"]
[TimeControl "180+3"]

1. Nf3 d5 2. g3 Nf6 3. Bg2 c5 4. d3 e6 5. O-O Nc6 6. Nbd2 b6 7. Re1 Bb7 8. e4 Be7 9. e5 Nd7 10. Nf1 O-O 11. h4 Rc8 12. N1h2 f6 13. exf6 Rxf6 14. Bg5 Rg6 15. Bh3 h6 16. Bxe7 Qxe7 17. Ng4 Re8 18. h5 Rxg4 19. Bxg4 Qf6 20. Nh4 Nde5 21. f4 Nxg4 22. Qxg4 Bc8 23. f5 e5 24. Re2 Bb7 25. c3 Nd8 26. Ng6 Nf7 27. Rae1 Kh7 28. Nf4 Ng5 29. Ne6 Nxe6 30. fxe6 Bc8 1-0

[Event "Djerba Festival Blitz 2025"]
[Site "Djerba"]
[Date "2025.02.21"]
[Round "3.37"]
[White "Kammoun, Adam"]
[Black "Mendil, Yacine"]
[Result "0-1"]
[ECO "D13"]
[WhiteElo "1571"]
[BlackElo "1699"]
[PlyCount "44"]
[EventDate "2025.02.15"]
[EventType "swiss"]
[EventCountry "TUN"]
[TimeControl "180+3"]

1. d4 d5 2. c4 c6 3. Nc3 Nf6 4. cxd5 cxd5 5. Nf3 Nc6 6. Bg5 e6 7. a3 Be7 8. e3 O-O 9. Be2 h6 10. Bh4 a6 11. O-O b5 12. b4 Bb7 13. Rc1 Rc8 14. Bg3 Nd7 15. e4 dxe4 16. Nxe4 Nb6 17. Nc5 Bxc5 18. dxc5 Nd5 19. Ne5 Nxe5 20. Bxe5 Qg5 21. Qd4 Nf4 22. c6 Qxg2# {[%emt 0:01:56] Ra1} 0-1

[Event "Djerba Festival Blitz 2025"]
[Site "Djerba"]
[Date "2025.02.21"]
[Round "3.38"]
[White "Doucet, Paul-Loup"]
[Black "Saidi, Bouziane"]
[Result "0-1"]
[ECO "C50"]
[WhiteElo "1503"]
[BlackElo "1710"]
[PlyCount "66"]
[EventDate "2025.02.15"]
[EventType "swiss"]
[EventCountry "TUN"]
[TimeControl "180+3"]

1. e4 e5 2. Nf3 Nc6 3. Bc4 Bc5 4. d3 h6 5. Nc3 Nf6 6. O-O d6 7. h3 a6 8. a3 O-O 9. Ne2 Be6 10. Bb3 Bxb3 11. cxb3 Nh7 12. Ng3 Ne7 13. Re1 f5 14. exf5 Nxf5 15. Ne4 Bb6 16. Bd2 Nh4 17. Nxh4 Qxh4 18. Qe2 d5 19. Be3 Bxe3 20. Qxe3 dxe4 21. dxe4 Rf6 22. Rac1 Raf8 23. Rf1 Ng5 24. Rxc7 Nf3+ 25. gxf3 Qxh3 26. f4 Rg6+ 27. Qg3 Rxg3+ 28. fxg3 Qxg3+ 29. Kh1 Rxf4 30. Rc8+ Kh7 31. Rxf4 exf4 32. Rf8 f3 33. b4 Qg2# 0-1

[Event "Djerba Festival Blitz 2025"]
[Site "Djerba"]
[Date "2025.02.21"]
[Round "3.43"]
[White "Boudnani, Brahim"]
[Black "Badya, Vasily"]
[Result "0-1"]
[ECO "A48"]
[WhiteElo "1721"]
[BlackElo "1765"]
[PlyCount "126"]
[EventDate "2025.02.15"]
[EventType "swiss"]
[EventCountry "TUN"]
[TimeControl "180+3"]

1. d4 Nf6 2. Bf4 g6 3. Nf3 Bg7 4. Qd2 h5 5. a3 d6 6. Nc3 c6 7. e4 Bg4 8. Be2 Nbd7 9. h3 Bxf3 10. Bxf3 e5 11. Be3 exd4 12. Bxd4 Ne5 13. Be3 Nc4 14. Qc1 Nxe3 15. fxe3 Qa5 16. O-O O-O 17. Ne2 Rae8 18. Nf4 Nxe4 19. c3 Qb6 20. Kh1 Ng5 21. Qd2 Qxe3 22. Qd1 Qxf4 23. Bxc6 Qe5 24. Bxe8 Rxe8 25. Re1 Qxe1+ 26. Qxe1 Rxe1+ 27. Rxe1 Kf8 28. Kh2 Be5+ 29. Kg1 Ne6 30. Kf2 Nc5 31. Ke3 Kg7 32. a4 b6 33. Rf1 Nxa4 34. Rf2 Nc5 35. Rf1 a5 36. g4 hxg4 37. hxg4 Ne6 38. Ke4 Nc5+ 39. Kd5 Nd3 40. Rb1 Nf2 41. Rg1 Nd3 42. Rg2 Nf4+ 43. Kc6 Nxg2 44. Kxb6 a4 45. Kb5 a3 46. bxa3 Bxc3 47. a4 Bd4 48. a5 Bc5 49. Kc6 Ne3 50. g5 Ng4 51. a6 Ne5+ 52. Kb7 Nf3 53. a7 Bxa7 54. Kxa7 d5 55. Kb6 d4 56. Kc5 d3 57. Kc4 d2 58. Kc3 d1=Q 59. Kc4 Qd4+ 60. Kb3 f5 61. Kc2 f4 62. Kc1 Nxg5 63. Kc2 f3 {[%emt 0:00:03] Kd1} 0-1

[Event "Djerba Festival Blitz 2025"]
[Site "Djerba"]
[Date "2025.02.21"]
[Round "3.45"]
[White "Ferahi, Tarik"]
[Black "Doucet, Jean Gabriel"]
[Result "1/2-1/2"]
[ECO "C66"]
[WhiteElo "1612"]
[BlackElo "1506"]
[PlyCount "74"]
[EventDate "2025.02.15"]
[EventType "swiss"]
[EventCountry "TUN"]
[TimeControl "180+3"]

1. e4 e5 2. Nf3 Nc6 3. Bb5 Nf6 4. O-O d6 5. Nc3 a6 6. Bc4 Be6 7. Bxe6 fxe6 8. d4 exd4 9. Nxd4 Nxd4 10. Qxd4 e5 11. Qd3 Be7 12. f4 O-O 13. f5 c6 14. Qg3 Nh5 15. Qf3 Nf6 16. Bg5 h6 17. Be3 d5 18. exd5 cxd5 19. Bf2 d4 20. Ne4 Qc7 21. Rac1 b5 22. Nxf6+ Bxf6 23. Qg3 Bg5 24. Rce1 Rae8 25. Bxd4 Qxc2 26. Bxe5 Qc5+ 27. Kh1 Bd2 28. Re2 Bg5 29. Qb3+ Kh8 30. Qc3 Qxc3 31. Bxc3 Rxe2 32. f6 Bxf6 33. Bxf6 Rxf6 34. Rd1 Rfe6 35. Rd8+ Kh7 36. h3 Rxb2 37. Rd7 Rxa2 1/2-1/2

[Event "Djerba Festival Blitz 2025"]
[Site "Djerba"]
[Date "2025.02.21"]
[Round "3.47"]
[White "Chargui, Saleh"]
[Black "Baba, Jihed"]
[Result "1-0"]
[ECO "E30"]
[WhiteElo "1709"]
[BlackElo "1669"]
[PlyCount "123"]
[EventDate "2025.02.15"]
[EventType "swiss"]
[EventCountry "TUN"]
[TimeControl "180+3"]

1. d4 Nf6 2. c4 e6 3. Nc3 Bb4 4. Bg5 h6 5. Bxf6 Qxf6 6. Nf3 c5 7. e4 cxd4 8. Qxd4 Qxd4 9. Nxd4 a6 10. Rc1 Nc6 11. Nxc6 dxc6 12. Be2 b5 13. cxb5 cxb5 14. Bf3 Bb7 15. O-O O-O 16. a3 Be7 17. Ne2 Rfd8 18. Rc7 Rd2 19. Rxb7 Bf6 20. b3 Rad8 21. a4 Rd1 22. Ng3 R1d3 23. axb5 a5 24. h3 Rxb3 25. b6 a4 26. Re1 Bd4 27. Rd1 a3 28. Ne2 Bxf2+ 29. Kxf2 Rxd1 30. Rb8+ Kh7 31. e5 a2 32. Ra8 Rxb6 33. Rxa2 Rd8 34. Be4+ g6 35. h4 Rb5 36. h5 Rxe5 37. hxg6+ Kg7 38. Ng3 fxg6 39. Ra7+ Kf6 40. Bf3 Rd2+ 41. Be2 h5 42. Ke1 Rd8 43. Nh1 h4 44. Nf2 Rg5 45. Bf3 Re5+ 46. Kf1 Kg5 47. Nh3+ Kh6 48. Ra4 g5 49. Re4 Rxe4 50. Bxe4 Rf8+ 51. Ke2 e5 52. Nf2 Rf4 53. Bf3 Kg6 54. Nh3 Rf8 55. Ke3 Kh6 56. Ke4 Kg6 57. Kxe5 Re8+ 58. Kd4 Rd8+ 59. Bd5 g4 60. Nf2 g3 61. Nh3 Rb8 62. Be4+ {[%emt 0:00:03] Rb3 Ng1+} 1-0